 Dungeon Crawl Stone Soup version 0.29.1-12-g30fa7ad0bf (webtiles) character file.

Game seed: 756476130468492496

7523 Lutefisk the Nimble (level 11, -12/69 HPs)
             Began as an Octopode Transmuter on Dec 18, 2022.
             Was a High Priest of Hepliaklqana.
             Killed from afar by a rime drake (19 damage)
             ... with a flash freeze
             ... on level 1 of the Lair of Beasts.
             The game lasted 00:51:25 (6659 turns).

Lutefisk the Nimble (Octopode Transmuter)           Turns: 6659, Time: 00:51:25

Health: -12/69     AC:  1    Str: 10    XL:     11   Next: 16%
Magic:  24/24      EV: 18    Int: 16    God:    Hepliaklqana [*****.]
Gold:   616        SH:  0    Dex: 16    Spells: 6/16 levels left

rFire   . . .      SeeInvis .   t - +0 arbalest
rCold   . . .      Faith    .   (shield currently unavailable)
rNeg    . . .      Spirit   .   (helmet restricted)
rPois   .          Reflect  .   (no amulet)
rElec   .          Harm     .   i - ring of flight
rCorr   .          Rampage  .   s - ring of magical power
Will    .....                   (no ring)
Stlth   +++.......              (no ring)
HPRegen 0.21/turn               (no ring)
MPRegen 0.19/turn               (no ring)
                                (no ring)
                                (no ring)

@: about to teleport, flying
A: reduced essence, almost no armour, amphibious, 8 rings, camouflage 1,
gelatinous body 1, (nimble swimmer 1), tentacles
a: Renounce Religion, Recall Ancestor, Ancestor Identity, Transference, Idealise


You were on level 1 of the Lair of Beasts.
You worshipped Hepliaklqana.
Hepliaklqana was extremely pleased with you.
You visited 3 branches of the dungeon, and saw 12 of its levels.
You also visited: Sewer.

You collected 616 gold pieces.

Inventory:

Hand Weapons
 o - a +3 trident
 t - a +0 arbalest (weapon)
 A - the +11 quarterstaff of Rymacig {drain, rC+}
   (You found it on level 6 of the Dungeon)

   A truly terrible weapon, it drains the life of any living foe it strikes.
   rC:        It protects you from cold.
Missiles
 p - 2 throwing nets
 v - 10 curare-tipped darts
 C - 28 poisoned darts
Magical Staves
 n - a staff of air
Jewellery
 i - a ring of flight (left tentacle)
 s - a ring of magical power (right tentacle)
Wands
 a - a wand of flame (12)
 G - a wand of acid (2)
 H - a wand of paralysis (6)
Scrolls
 b - 9 scrolls of identify {unknown}
 c - 4 scrolls of magic mapping {unknown}
 d - a scroll of torment {unknown}
 e - 2 scrolls of silence {unknown}
 f - 6 scrolls of teleportation
 j - 2 scrolls of fear {unknown}
 k - a scroll of vulnerability {unknown}
 m - 2 scrolls of noise
 q - 5 scrolls of poison {unknown}
 u - a scroll of amnesia {unknown}
 w - a scroll of immolation {unknown}
 x - 2 scrolls of summoning {unknown}
 y - 3 scrolls of enchant armour {unknown}
 B - a scroll of enchant weapon {unknown}
 F - 2 scrolls of blinking {unknown}
Potions
 g - a potion of might
 h - 2 potions of brilliance {unknown}
 l - 2 potions of resistance
 r - 4 potions of curing {unknown}
 z - 6 potions of flight
 D - a potion of ambrosia {unknown}
 E - 2 potions of mutation {unknown}
 I - 3 potions of attraction {unknown}
 J - a potion of invisibility {unknown}


   Skills:
 * Level 8.0 Fighting
 - Level 9.0 Dodging
 - Level 3.0 Stealth
 - Level 8.0 Unarmed Combat
 - Level 3.0 Spellcasting
 - Level 7.0 Transmutations
 - Level 2.0 Ice Magic
 - Level 2.0 Poison Magic
 - Level 4.0 Invocations
 - Level 4.0 Evocations


You had 6 spell levels left.
You knew the following spells:

 Your Spells              Type           Power      Damage    Failure   Level
a - Beastly Appendage     Tmut           48%        N/A       1%          1
b - Wereblood             Tmut           24%        N/A       1%          2
c - Spider Form           Tmut/Pois      16%        N/A       9%          3
d - Ice Form              Ice/Tmut       16%        N/A       28%         4

Your spell library contained the following spells:

 Spells                   Type           Power      Damage    Failure   Level
 Apportation              Tloc           4%         N/A       19%         1
 Necrotise                Necr           8%         1d4       19%         1
 Summon Small Mammal      Summ           8%         N/A       19%         1


Dungeon Overview and Level Annotations

Branches:
Dungeon (10/15)            Temple (1/1) D:5            Lair (1/5) D:10
    Orc (0/2) D:10          Sewer (visited)

Altars:
Ashenzari
Cheibriados
Dithmenos
Elyvilon
Fedhas
Gozag
Hepliaklqana
Kikubaaqudgha
Makhleb
Nemelex Xobeh
Okawaru
Qazlal
Ru
Sif Muna
Trog
Uskayaw
Vehumet
Wu Jian
Xom
Yredelemnul
Zin
The Shining One

Shops:
D:8 =   D:9 *

Annotations:
D:4 Pikel
D:8 4 runed translucent doors, Maurice
D:10 4 transporters, PorkyPig's ghost, journeyman GrVM
Lair:1 Gastronok


Innate Abilities, Weirdness & Mutations

Your life essence is reduced to manifest your ancestor. (-10% HP)
You cannot wear most types of armour.
You are amphibious.
You can wear up to eight rings at the same time.
Your skin changes colour to match your surroundings (Stealth+).
Your rubbery body absorbs attacks. (AC +1, EV +1)
((You are camouflaged when in or above water. (Stealth+)))
You have tentacles for arms and can constrict up to eight enemies at once.


Message History

The wyvern completely misses you.
You hit the wyvern but do no damage.
The wyvern looks as sick as possible!
The wyvern is severely wounded.
Eanasir hits the wyvern with a +0 quarterstaff!
The wyvern dies!
Training target 9.0 for Dodging reached!
Your Dodging skill increases to level 9!
You need to enable at least one skill for training.
Your transformation has ended.
Your +0 arbalest unmelds from your body.
You start resting.
Magic restored.
You start resting.
You hear the brisk rumble of a very distant avalanche of rocks.
You hear the steady crackling of a melting archway very nearby.
Found 20 gold pieces.
You see here a wyvern corpse.
A rime drake comes into view.
Fire: t) +0 arbalest
Press: ? - help, Q - select action, (/) - cycle Shift-Dir - straight line, f - rime drake
Aim: a rime drake (asleep, 98% to hit)
You shoot a bolt. The bolt hits the rime drake!
The rime drake hisses angrily.
The rime drake is heavily wounded.
The rime drake breathes ice at Eanasir.
The flash freeze hits Eanasir!
Eanasir partially resists.
Eanasir is flash-frozen.
The rime drake breathes ice at you. The flash freeze hits you!!
* * * LOW HITPOINT WARNING * * *
You are encased in ice.
As you read the scroll of teleportation, it crumbles to dust.
You feel strangely unstable. The ice encasing you melts away.
Eanasir is no longer encased in ice.
Eanasir casts a spell at the rime drake.
The puff of frost hits the rime drake.
The rime drake resists.
The rime drake breathes ice at you. The flash freeze hits you!!
You die...

#..≈#≈........)..###
.$.#≈.......†..###
.≈...Rk.....†..#
...............#
###.......#.###
##.k....###
#.#.....# # ##†.###
##@# ###


You could see the friendly Eanasir the battlemage and 2 rime drakes.

Vanquished Creatures
  A polar bear (Lair:1)
  A blink frog (Lair:1)
  A wyvern (Lair:1)
  5 yaks
  3 water moccasins
  An orc warrior (Temple)
  An ice beast (D:7)
  A wolf (Lair:1)
  2 centaurs
  2 kobold brigands
  4 bullfrogs
  2 gnoll sergeants
  3 scorpions
  2 wights (D:10)
  2 killer bees (D:8)
  3 hounds
  An orc priest (D:7)
  2 iguanas
  2 orc wizards
  3 gnolls
  A river rat (Sewer)
  15 adders
  2 white imps (D:6)
  4 worms
  2 dart slugs
  20 orcs
  18 ball pythons
  11 bats
  6 endoplasms
  3 giant cockroaches
  5 hobgoblins
  10 jackals
  4 quokkas
  4 frilled lizards
  3 goblins
  13 kobolds
  10 rats
173 creatures vanquished.

Vanquished Creatures (collateral kills)
  Prince Ribbit (D:7)
  A troll (D:9)
  2 blink frogs (Lair:1)
  7 yaks
  2 wyverns
  Grum (Lair:1)
  2 water moccasins
  5 orc warriors
  3 centaurs
  A wolf (Lair:1)
  A bullfrog (D:9)
  A scorpion (D:7)
  A gnoll sergeant (D:8)
  3 wights
  2 killer bees (D:8)
  2 howler monkeys (D:7)
  6 orc priests
  An iguana (D:6)
  2 orc wizards
  7 gnolls (D:8)
  3 river rats (Sewer)
  3 adders
  11 orcs
  2 bats (Sewer)
  A jackal (Sewer)
  A ball python (Sewer)
  2 frilled lizards (Sewer)
  3 kobolds (D:9)
77 creatures vanquished.

Vanquished Creatures (others)
  A battlemage (Lair:1)
  2 ancestors
  8 plants (Lair:1)
11 creatures vanquished.

Grand Total: 261 creatures vanquished

Notes
Turn   | Place    | Note
-------+----------+-------------------------------------------
     0 | D:1      | Lutefisk the Octopode Transmuter began the quest for the
                  | Orb.
     0 | D:1      | Reached XP level 1. HP: 13/13 MP: 3/3
    67 | D:1      | Reached XP level 2. HP: 14/19 MP: 3/5
   153 | D:1      | Learned a level 2 spell: Wereblood
   253 | D:1      | Reached XP level 3. HP: 16/25 MP: 6/6
   279 | D:1      | Learned a level 3 spell: Spider Form
   351 | D:1      | Reached skill level 1 in Stealth
   383 | D:1      | Found a faded altar of an unknown god.
   495 | D:2      | Reached skill level 1 in Poison Magic
   728 | D:2      | Reached XP level 4. HP: 25/31 MP: 4/7
   972 | D:3      | Reached skill level 3 in Dodging
  1136 | D:3      | Reached XP level 5. HP: 33/36 MP: 6/8
  1267 | D:3      | Reached skill level 4 in Dodging
  1405 | D:4      | Noticed a lemure
  1405 | D:4      | Noticed a lemure
  1406 | D:4      | Noticed Pikel
  1695 | D:4      | Reached XP level 6. HP: 43/43 MP: 7/9
  1762 | D:5      | Entered Level 5 of the Dungeon
  1764 | D:5      | Noticed an orc warrior
  1981 | D:5      | Found a staircase to the Ecumenical Temple.
  1988 | Temple   | Entered the Ecumenical Temple
  1995 | Temple   | Became a worshipper of Hepliaklqana the Forgotten
  2012 | D:5      | Noticed an ice beast
  2299 | Temple   | Killed an orc warrior
  2593 | D:5      | Reached XP level 7. HP: 48/48 MP: 10/10
  2666 | D:6      | Reached skill level 5 in Dodging
  2744 | D:6      | Found a glowing drain.
  2767 | D:6      | Reached * piety under Hepliaklqana
  2791 | Sewer    | Entered a sewer
  3037 | Sewer    | Reached skill level 5 in Fighting
  3230 | D:6      | HP: 1/45 [something/magic dart (10)]
  3436 | D:5      | Reached skill level 1 in Invocations
  3436 | D:5      | Reached skill level 1 in Evocations
  3436 | D:5      | Reached XP level 8. HP: 22/49 MP: 11/11
  3449 | D:5      | Reached skill level 5 in Unarmed Combat
  3486 | D:6      | Found an iron altar of Okawaru.
  3493 | D:6      | Identified the +11 quarterstaff of Rymacig {drain, rC+}
  3706 | D:6      | Found a stormy altar of Qazlal.
  3908 | D:7      | Found an opulent altar of Gozag.
  3922 | D:7      | Learned a level 4 spell: Ice Form
  4002 | D:7      | Reached ** piety under Hepliaklqana
  4003 | D:7      | Remembered your ancestor Eanasir as a battlemage
  4081 | D:7      | Reached skill level 6 in Dodging
  4126 | D:7      | Noticed Prince Ribbit
  4139 | D:7      | Killed Prince Ribbit
  4421 | D:8      | Reached XP level 9. HP: 47/55 MP: 12/12
  4427 | D:8      | Found Xymmeasm's Jewellery Emporium.
  4467 | D:8      | Reached skill level 5 in Transmutations
  4517 | D:8      | Reached *** piety under Hepliaklqana
  4530 | D:8      | Reached skill level 1 in Ice Magic
  4826 | D:8      | Reached skill level 7 in Dodging
  5011 | D:8      | Found a shimmering altar of Xom.
  5023 | D:8      | Noticed Maurice
  5081 | D:8      | Found a runed translucent door.
  5092 | D:8      | Found a runed translucent gate.
  5093 | D:8      | Found a runed translucent gate.
  5097 | D:8      | Found a runed translucent door.
  5098 | D:8      | Found the +9 staff of Olgreb {rPois∞}
  5204 | D:9      | Found Zin's Purification Station.
  5206 | D:9      | Found a glowing silver altar of Zin.
  5329 | D:9      | Reached **** piety under Hepliaklqana
  5668 | D:9      | Noticed a troll
  5674 | D:9      | Killed a troll
  5755 | D:9      | Reached XP level 10. HP: 62/63 MP: 14/14
  5872 | D:10     | Entered Level 10 of the Dungeon
  5883 | D:10     | Found a sacrificial altar of Ru.
  5884 | D:10     | Noticed a cyclops
  5893 | D:10     | Found a transporter.
  5907 | D:10     | Found a transporter.
  5908 | D:10     | Noticed a wizard
  5912 | D:10     | Noticed an orc knight
  6004 | D:10     | Found a transporter.
  6004 | D:10     | Noticed a deep elf archer
  6004 | D:10     | Noticed an orc knight
  6054 | D:10     | Found a staircase to the Lair.
  6066 | D:10     | Reached skill level 8 in Dodging
  6086 | D:10     | Found a snail-covered altar of Cheibriados.
  6175 | D:10     | Reached ***** piety under Hepliaklqana
  6176 | D:10     | Found a staircase to the Orcish Mines.
  6223 | D:10     | Found a transporter.
  6224 | D:10     | Noticed PorkyPig's ghost (journeyman GrVM)
  6224 | D:10     | Noticed a tengu warrior
  6224 | D:10     | Noticed a moth of wrath
  6225 | D:10     | Found a bloodstained altar of Trog.
  6226 | D:10     | Noticed a two-headed ogre
  6272 | Lair:1   | Entered Level 1 of the Lair of Beasts
  6403 | Lair:1   | Noticed Gastronok
  6444 | Lair:1   | Reached XP level 11. HP: 25/69 MP: 15/15
  6511 | Lair:1   | Noticed Grum
  6517 | Lair:1   | Killed Grum
  6602 | Lair:1   | Reached skill level 9 in Dodging
  6659 | Lair:1   | Killed from afar by a rime drake

Illustrated notes

Levels and vault maps discovered:
D:1:      kennysheep_arrival_forest, layout_rooms, ebering_ecumenical_altar_box
D:2:      layout_loops_corners, chequers_big_river, grunt_decor_arrowhead,
          nrook_uturn
D:3:      layout_basic
D:4:      layout_gridville, kennysheep_nondescript, dreamdust_princess_bridge,
          minmay_door_square, uniq_pikel
D:5:      layout_basic, minmay_temple_entry_junction_2, guppyfry_early_orc_mine
D:6:      layout_cave_pods, okawaru_metal_pillars_1_2,
          nicolae_qazlal_general_emergency, gup_sewer_entry_glass
D:7:      layout_layer_cave, nicolae_gozag_cash_rules_everything_around_me,
          uniq_prince_ribbit1
D:8:      minmay_inner_zag, layout_basic, mainiacjoe_overflow_catwalk,
          serial_shops, shop, minmay_guarded_unrand_staff_of_olgreb,
          uniq_maurice
D:9:      layout_grid_maze, zin_purify, solitary_fountain, dk_noncrumbling_3,
          minivault_19
D:10:     gammafunk_sealed_arena, layout_cave_pools, lemuel_tele_altar,
          lemuel_coloured_pillars_altar, lair_entry_dummy, david_orc_2,
          gammafunk_ghost_wrathful_warriors
Temple:   minmay_freezing_vapour_temple
Lair:1:   dreamdust_cave_troll, layout_hall_layers, portal_ice_cave_rime,
          enter_volcano_3, grunt_megastairs_3, serial_bayou_shore_a,
          uniq_nergalle, uniq_grum, uniq_gastronok

Skill      XL: |  1  2  3  4  5  6  7  8  9 10 11 |
---------------+----------------------------------+-----
Fighting       | 2 3 4 5 6 7 8 |  8.0
Stealth        | 1 3 |  3.0
Poison Magic   | 2 |  2.0
Dodging        | 3 4 5 6 7 8 9 |  9.0
Unarmed Combat | 4 6 8 |  8.0
Transmutations | 3 4 6 7 |  7.0
Invocations    | 1 2 3 4 |  4.0
Evocations     | 1 2 3 4 |  4.0
Ice Magic      | 2 |  2.0
Spellcasting   | 3 |  3.0

Action                   |  1- 3 |  4- 6 |  7- 9 | 10-12 || total
-------------------------+-------+-------+-------+-------++-------
Melee: Unarmed           |    83 |   121 |   135 |    57 ||   396
       Constrict         |    24 |    27 |    25 |       ||    76
       Kick              |    18 |    22 |     5 |       ||    45
       Tentacles         |    15 |    22 |    21 |       ||    58
       Punch             |     2 |     3 |     5 |       ||    10
       Arbalest          |       |       |     3 |       ||     3
       Quarterstaff      |       |       |    37 |     1 ||    38
 Fire: Arbalest          |       |     1 |    32 |    46 ||    79
 Cast: Beastly Appendage |    13 |    17 |    10 |       ||    40
       Wereblood         |     1 |     2 |     2 |       ||     5
       Spider Form       |       |     6 |    12 |     9 ||    27
       Ice Form          |       |       |     2 |     1 ||     3
Invok: Recall Ancestor   |       |       |     4 |     3 ||     7
       Ancestor Life: Ba |       |       |     1 |       ||     1
       Idealise          |       |       |       |     1 ||     1
 Abil: End Transformatio |       |       |     3 |     6 ||     9
Evoke: Wand              |       |       |       |     1 ||     1
  Use: Potion            |       |     3 |     3 |       ||     6
       Scroll            |       |       |       |     2 ||     2
 Stab: Sleeping          |     7 |     2 |     7 |       ||    16
       Distracted        |       |       |     1 |       ||     1
Armor: Skin              |     4 |     3 |    20 |     1 ||    28
Dodge: Dodged            |    44 |   113 |   191 |    70 ||   418
